 Seeded DCSS version 0.25-a0-424-g80bd347 (webtiles) character file.

Game seed: 1261219637004542875, levelgen mode: deterministic

17 Auros the Twirler (level 2, 22/22 HPs)
             Began as a Formicid Wanderer on Jan 15, 2020.
             Got out of the dungeon alive.
             The game lasted 00:06:26 (869 turns).

Auros the Twirler (Formicid Wanderer)                Turns: 869, Time: 00:06:26

Health: 22/22      AC:  3    Str: 17    XL:     2   Next: 80%
Magic:  2/2        EV: 11    Int:  9    God:
Gold:   75         SH:  0    Dex: 11    Spells: 1/1 levels left

rFire    . . .     SeeInvis +   a - +2 quarterstaff
rCold    . . .     Gourm    .   (no shield)
rNeg     . . .     Faith    .   d - +0 robe
rPois    .         Spirit   .   (helmet unavailable)
rElec    .         Reflect  .   k - +0 cloak
rCorr    .         Harm     .   (no gloves)
MR       .....                  (no boots)
Stlth    ++........             (no amulet)
HPRegen  0.07/turn              (no ring)
MPRegen  0.08/turn              (no ring)

@: no status effects
A: permanent stasis, dig shafts and tunnels, four strong arms, antennae 3
a: Dig, Shaft Self


You escaped.
You were not hungry.

You visited 1 branch of the dungeon, and saw 1 of its levels.

You collected 75 gold pieces.

Inventory:

Hand Weapons
 a - a +2 quarterstaff (weapon)
 j - a +0 hunting sling
 o - a +4 hunting sling
Missiles
 l - 62 stones (quivered)
Armour
 d - a +0 robe (worn)
 k - a +0 cloak (worn)
Scrolls
 e - a scroll of enchant weapon {unknown}
 g - a scroll of noise {unknown}
 h - a scroll of amnesia {unknown}
 i - a scroll of immolation {unknown}
 q - 2 scrolls of remove curse {unknown}
 s - 2 scrolls of identify {unknown}
Potions
 b - a potion of lignification
 c - a potion of curing
 m - a potion of might {unknown}
 n - a potion of heal wounds {unknown}
 p - a potion of berserk rage {unknown}
Comestibles
 f - a ration


   Skills:
 - Level 2.1 Fighting
 + Level 4.3 Staves
 + Level 0.1 Slings
 + Level 2.4 Stealth
   Level 1.2 Shields
 - Level 1.0 Unarmed Combat
   Level 1.1 Evocations


You had one spell level left.
You didn't know any spells.
Your spell library was empty.

Dungeon Overview and Level Annotations

Branches:
Dungeon (1/15)

Altars:
Ashenzari


Innate Abilities, Weirdness & Mutations

You cannot be hasted, slowed, berserked, paralysed or teleported.
You can dig through walls and to a lower floor.
Your four strong arms can wield two-handed weapons with a shield.
You have a pair of large antennae on your head. (SInv)


Message History

There is a shattered altar of Ashenzari here.
You kneel at the altar of Ashenzari.
Welcome back, Auros the Formicid Wanderer.
Press ? for a list of commands and other information.
Welcome back, Auros the Formicid Wanderer.
Press ? for a list of commands and other information.
Done exploring.
You kneel at the altar of Ashenzari.
(D) Dungeon
Where to? (? - help)
Okay, then.
(D) Dungeon
Where to? (? - help)
Okay, then.
There is an open door here.
There is a shattered altar of Ashenzari here.
There is an open door here.
There is a staircase leading out of the dungeon here.
Are you sure you want to leave the Dungeon?
This will make you lose the game!
You have escaped!

#.### #.#
#.# #.# ##
#.## #.
#..# #.
##.## #.
####...####
#.
#..#...#@.#
#)
#.##...##.#
#.
#.........#
##
####.#.####
#.#.#.#.#
#...#...#
###
#########
#.. #.# #.#


There were no monsters in sight!

Vanquished Creatures
  An ooze (D:1)
  A bat (D:1)
  A goblin (D:1)
  3 hobgoblins (D:1)
  2 kobolds (D:1)
  A frilled lizard (D:1)
  3 rats (D:1)
12 creatures vanquished.

Notes
Turn   | Place    | Note
-------+----------+-------------------------------------------
     0 | D:1      | Auros the Formicid Wanderer began the quest for the Orb.
     0 | D:1      | Auros set off with the following items: a +2 quarterstaff,
                  | a potion of lignification, a potion of curing, a +0 robe, a
                  | ration
     0 | D:1      | Reached XP level 1. HP: 16/16 MP: 1/1
    71 | D:1      | Reached XP level 2. HP: 21/22 MP: 2/2
   237 | D:1      | Found a shattered altar of Ashenzari.
   803 | D:1      | Upgraded the game from 0.25-a0-413-g3b4b6a4 to
                  | 0.25-a0-420-g1cc7eeb
   803 | D:1      | Upgraded the game from 0.25-a0-420-g1cc7eeb to
                  | 0.25-a0-424-g80bd347
   869 | D:$      | Got out of the dungeon alive.

Levels and vault maps discovered:
D:1:      onia_arrival_mini_spirals, layout_loops_cross,
          nicolae_ashenzari_panopticon

Skill      XL: |  1  2 |
---------------+-------+-----
Stealth        | 2 |  2.4
Fighting       | |  2.1
Staves         | |  4.3
Slings         | |  0.1
Shields        | |  1.2
Unarmed Combat | |  1.0
Evocations     | |  1.1

Action                   || total
-------------------------++-------
Melee: Quarterstaff      ||    24
 Fire: Hunting sling     ||     1
 Stab: Sleeping          ||     2
Armor: Robe              ||     1
Dodge: Dodged            ||    12

Table legend:
 A = Non-vault XP
 B = Vault XP
 C = Vault XP percentage of total XP
 D = Non-vault monster count
 E = Vault monster count
 F = Vault count percentage of total count
                 A         B        C        D         E       F
            +---------+---------+-------+---------+---------+-------
      Total |      25 |       0 |   0.0 |      12 |       0 |   0.0
            +---------+---------+-------+---------+---------+-------
        D:1 |      25 |       0 |   0.0 |      12 |       0 |   0.0
            +---------+---------+-------+---------+---------+-------
